 Dungeon Crawl Stone Soup version bcrawl-1.22-26-g3963c97c8d (webtiles) character file.

Game seed: 15106687100058966981

274 MisterOstroum the Slasher (level 6, 17/51 HPs)
             Began as a Djinni Reaver on May 19, 2020.
             Was a Believer of Vehumet.
             Quit the game on level 4 of the Dungeon.
             The game lasted 00:06:41 (4149 turns).

MisterOstroum the Slasher (Djinni Reaver)           Turns: 4149, Time: 00:06:41

Health: 17/51      AC:  5    Str: 14    XL:     6   Next: 3%
Magic:  1/11       EV: 12    Int: 18    God:    Vehumet [**....]
Gold:   291        SH:  0    Dex:  9    Spells: 9/11 levels left

rFire    . . .     SeeInvis .   c - +1 dagger (venom)
rCold    . . .     Gourm    .   (no shield)
rNeg     . . .     Faith    +   g - +0 steam dragon scales
rPois    .         Spirit   .   (no helmet)
rElec    .         Reflect  .   (no cloak)
rCorr    .         Harm     .   (no gloves)
MR       .....     Rnd*Rage +   (boots unavailable)
Stlth    +.........             j - amulet of faith
HPRegen  0.17/turn              (no ring)
MPRegen  0.12/turn              (no ring)

@: mildly poisoned (17 -> 15), flying
A: never pass out, berserk 2, blink, blurry vision 2, wild magic 2, MP-powered
wands, floating
a: Blink, Renounce Religion


You were on level 4 of the Dungeon.
You worshipped Vehumet.
Vehumet was pleased with you.
You were hungry.

You visited 1 branch of the dungeon, and saw 4 of its levels.

You collected 291 gold pieces.

Inventory:

Hand Weapons
 a - a +0 long sword
 b - a +0 hunting sling
 c - a +1 dagger of venom (weapon)
 i - a +0 blowgun
Missiles
 h - 215 stones (quivered)
 r - 90 poisoned needles
 w - 119 arrows
 y - 289 sling bullets
Armour
 g - +0 steam dragon scales (worn)
Jewellery
 j - an amulet of faith (around neck)
Wands
 z - a wand of polymorph (2)
Scrolls
 d - a scroll of immolation
 f - a scroll of remove curse {unknown}
 k - 5 scrolls of identify {unknown}
 n - a scroll of magic mapping {unknown}
 q - 2 scrolls of amnesia {unknown}
 t - 2 scrolls of fog {unknown}
 u - a scroll of noise {unknown}
 x - a scroll of teleportation {unknown}
Potions
 l - a potion of mutation {unknown}
 m - a potion of heal wounds {unknown}
 o - a potion of curing
 p - a potion of flight {unknown}
 s - a potion of ambrosia {unknown}
 v - a potion of berserk rage {unknown}
 A - a potion of haste {@q4 !q}
Comestibles
 e - 5 rations {!d}


   Skills:
 + Level 3.3 Fighting
 - Level 6.5 Long Blades
 - Level 3.0 Dodging
 * Level 3.3 Spellcasting
 * Level 2.9 Conjurations


You had 9 spell levels left.
You knew the following spells:

 Your Spells              Type           Power        Failure   Level  Hunger
a - Magic Dart            Conj           ###.         3%          1    None
b - Sting                 Conj/Pois      ##..         5%          1    None

Your spell library contained the following spells:

 Spells                   Type           Power        Failure   Level  Hunger
 Dazzling Spray           Conj/Hex       ##....       13%         3    ###....
 Corona                   Hex            #......      30%         1    None
 Ensorcelled Hibernation  Hex/Ice        #.....       41%         2    ##.....
 Confuse                  Hex            #.......     61%         3    ###....
 Tukima's Dance           Hex            #.......     61%         3    ###....
 Iskenderun's Battlesphe  Conj/Chrm      ##......     63%         5    ######.


Dungeon Overview and Level Annotations

Branches:
Dungeon (4/12)
 Temple: D:4-7

Altars:
Ashenzari
Cheibriados
Elyvilon
Gozag
Hepliaklqana
Lugonu
Makhleb
Nemelex Xobeh
Ru
Xom
The Shining One


Innate Abilities, Weirdness & Mutations

You never pass out after going berserk.
You often lose your temper in combat.
You can translocate small distances at will.
Scrolls take you longer to read.
Your spells are harder to cast, but more powerful.
You expend magic power (3 MP) to strengthen your wands.
Your body floats in the air.


Message History

You are poisoned.
You closely miss Ijyb.
Ijyb is almost dead.
You feel sick. Ijyb barely misses you.
You barely miss Ijyb.
Ijyb is almost dead.
You feel sick. Ijyb barely misses you.
You barely miss Ijyb.
Ijyb is almost dead.
Ijyb hits you but does no damage.
You are lethally poisoned!
Casting: Magic Dart (safe; 3% risk of failure)
Confirm with . or Enter, or press ? or * to list all spells.
Aiming: Magic Dart (safe; 3% risk of failure)
Press: ? - help, Shift-Dir - straight line, f - Ijyb
Aim: Ijyb, wielding a +1 dagger of venom, wearing a +0 scale mail, quivering 289 sling bullets and carrying a wand of polymorph (2) (almost dead)
The magic dart hits Ijyb but does no damage.
Ijyb is almost dead.
* * * LOW HITPOINT WARNING * * *
You feel sick. Ijyb closely misses you.
Casting: Magic Dart (safe; 3% risk of failure)
Confirm with . or Enter, or press ? or * to list all spells.
Aiming: Sting (safe; 5% risk of failure)
Press: ? - help, Shift-Dir - straight line, f/p - Ijyb
Aim: Ijyb, wielding a +1 dagger of venom, wearing a +0 scale mail, quivering 289 sling bullets and carrying a wand of polymorph (2) (almost dead)
The sting hits Ijyb but does no damage.
Ijyb is almost dead.
* * * LOW HITPOINT WARNING * * *
You feel sick. Ijyb hits you but does no damage.
You are more poisoned.
It was a potion of curing.
You feel better.
Ijyb hits you with a +1 dagger of venom.
You are poisoned.
You barely miss Ijyb.
Ijyb is almost dead.
You feel sick. Ijyb hits you but does no damage.
Okay, then.
You feel sick.
Casting: Sting (safe; 5% risk of failure)
Confirm with . or Enter, or press ? or * to list all spells.
Aiming: Sting (safe; 5% risk of failure)
Press: ? - help, Shift-Dir - straight line, f/p - Ijyb
Aim: Ijyb, wielding a +1 dagger of venom, wearing a +0 scale mail, quivering 289 sling bullets and carrying a wand of polymorph (2) (severely wounded)
The sting hits Ijyb but does no damage.
Ijyb is severely wounded.
You feel sick. Ijyb hits you but does no damage.
You are lethally poisoned!
Casting: Sting (safe; 5% risk of failure)
Confirm with . or Enter, or press ? or * to list all spells.
Aiming: Sting (safe; 5% risk of failure)
Press: ? - help, Shift-Dir - straight line, f/p - Ijyb
Aim: Ijyb, wielding a +1 dagger of venom, wearing a +0 scale mail, quivering 289 sling bullets and carrying a wand of polymorph (2) (severely wounded)
The sting hits Ijyb but does no damage.
Ijyb is severely wounded.
* * * LOW HITPOINT WARNING * * *
You feel sick.
Ijyb hits you with a +1 dagger of venom.
* * * LOW HITPOINT WARNING * * *
You feel better. Ijyb hits you but does no damage.
You are poisoned.
Casting: Sting (safe; 5% risk of failure)
Confirm with . or Enter, or press ? or * to list all spells.
Aiming: Sting (safe; 5% risk of failure)
Press: ? - help, Shift-Dir - straight line, f/p - Ijyb
Aim: Ijyb, wielding a +1 dagger of venom, wearing a +0 scale mail, quivering 289 sling bullets and carrying a wand of polymorph (2) (severely wounded)
The sting hits Ijyb.
Ijyb is poisoned.
Ijyb is almost dead.
You feel sick. Ijyb barely misses you.
You slash Ijyb!
You kill Ijyb!
Vehumet accepts your kill.
You have reached level 6!
Your experience leads to an increase in your attributes!
Increase (S)trength, (I)ntelligence, or (D)exterity?
You feel clever.
You feel sick.
You feel sick.
y - 289 sling bullets;
z - a wand of polymorph (2)
Items here: )) [ † a +1 dagger of venom; a +0 hunting sling; a +0 scale mail the goblin corpse of Ijyb
Okay, then.
Unknown command.
Unknown command.
A - a +1 dagger of venom You feel sick.
Wield which item (- for none, * to show all)? (? for menu, Esc to quit)
Okay, then.
Unknown command.
Adjust to which letter? (? for menu, Esc to quit)
c - a +1 dagger of venom;
A - a potion of haste {@q4 !q} Wield which item (- for none, * to show all)? (? for menu, Esc to quit)
Your +1 dagger of venom begins to drip with poison!
c - a +1 dagger of venom (weapon)
You hear the slow hiss of a distant avalanche of sand.
You feel sick.
You are feeling hungry.
You feel sick.
Okay, then.
Are you sure you want to abandon this character and quit the game? (Confirm with "yes".)

#..........#.#
#..........#.###.
#................
#....$.........
#.g.#..$.#
#...#....#
#...#....####
##.##........
#...@########
#..#.# ##..#.#.##
#.<........
###.#.#.###
..#.#.. ###.# ##
...


There were no monsters in sight!

Vanquished Creatures
  A phantom (D:3)
  Ijyb (D:4)
  4 adders
  A shadow imp (D:4)
  An adder skeleton (D:3)
  3 worms
  3 dart slugs
  8 leopard geckos
  5 orcs (D:3)
  3 giant cockroaches (D:1)
  4 goblins
  9 hobgoblins
  5 jackals (D:3)
  A ball python (D:3)
  7 bats
  5 frilled lizards
  15 kobolds
  10 rats
86 creatures vanquished.

Notes
Turn   | Place    | Note
-------+----------+-------------------------------------------
     0 | D:1      | MisterOstroum the Djinni Reaver began the quest for the
                  | Orb.
     0 | D:1      | Reached XP level 1. HP: 19/19 MP: 4/4
   140 | D:1      | Reached skill level 4 in Long Blades
   140 | D:1      | Reached XP level 2. HP: 11/26 MP: 6/6
   591 | D:1      | Reached XP level 3. HP: 28/31 MP: 7/7
  1058 | D:2      | Reached * piety under Vehumet
  1058 | D:2      | Offered knowledge of Magic Dart by Vehumet.
  1066 | D:2      | Learned a level 1 spell: Magic Dart
  1118 | D:2      | Reached skill level 5 in Long Blades
  1419 | D:2      | Gained mutation: Your spells are harder to cast, but more
                  | powerful. [Djinni growth]
  1419 | D:2      | Gained mutation: You can translocate small distances at
                  | will. [Djinni growth]
  1419 | D:2      | Reached XP level 4. HP: 38/38 MP: 3/8
  1644 | D:2      | Reached skill level 1 in Conjurations
  1897 | D:2      | Offered knowledge of Sting by Vehumet.
  1900 | D:2      | Learned a level 1 spell: Sting
  2103 | D:2      | Reached ** piety under Vehumet
  3171 | D:3      | Reached XP level 5. HP: 43/45 MP: 4/9
  3214 | D:3      | Noticed a phantom
  3302 | D:3      | Killed a phantom
  3302 | D:3      | Reached skill level 6 in Long Blades
  3656 | D:3      | Found an opulent altar of Gozag.
  3657 | D:3      | Found a burning altar of Makhleb.
  3659 | D:3      | Found a hazy altar of Hepliaklqana.
  3662 | D:3      | Found a sacrificial altar of Ru.
  3663 | D:3      | Found a corrupted altar of Lugonu.
  3663 | D:3      | Found a shattered altar of Ashenzari.
  3663 | D:3      | Found a snail-covered altar of Cheibriados.
  3664 | D:3      | Found a shimmering altar of Xom.
  3665 | D:3      | Found a glowing golden altar of the Shining One.
  3667 | D:3      | Found a white marble altar of Elyvilon.
  3668 | D:3      | Found a sparkling altar of Nemelex Xobeh.
  4103 | D:4      | Noticed Ijyb
  4140 | D:4      | Killed Ijyb
  4140 | D:4      | Reached XP level 6. HP: 21/51 MP: 0/11
  4149 | D:4      | Quit the game

Skill      XL: |  1  2  3  4  5 |
---------------+----------------+-----
Long Blades    | 4 5 6 |  6.5
Conjurations   | 1 2 |  2.9
Fighting       | |  3.3
Dodging        | |  3.0
Spellcasting   | |  3.3

Action                   |  1- 3 |  4- 6 || total
-------------------------+-------+-------++-------
Melee: Long sword        |   121 |    84 ||   205
 Fire: Hunting sling     |       |    21 ||    21
 Cast: Magic Dart        |     3 |    89 ||    92
       Sting             |       |    12 ||    12
  Use: Potion            |       |     2 ||     2
  Eat: Chunk             |     2 |     8 ||    10
Armor: Steam dragon scal |    44 |    28 ||    72
Dodge: Dodged            |    81 |    69 ||   150
Block: Other             |     1 |     1 ||     2
